 Dungeon Crawl Stone Soup version 0.21-a0-221-gfe971b9 (webtiles) character file.

95 Nvm9 the Skirmisher (level 4, -5/36 HPs)
             Began as a Demonspawn Fighter on Aug 25, 2017.
             Slain by ontamu's ghost (9 damage)
             ... on level 3 of the Dungeon.
             The game lasted 00:01:12 (816 turns).

Nvm9 the Skirmisher (Demonspawn Fighter)             Turns: 816, Time: 00:01:13

Health: -5/36      AC:  6    Str: 17    XL:     4   Next: 39%
Magic:  4/4        EV:  7    Int:  9    God:
Gold:   48         SH:  9    Dex: 13    Spells: 3/3 levels left

rFire    . . .     SeeInvis .   a - +0 war axe
rCold    . . .     Gourm    .   c - +0 shield
rNeg     . . .     Faith    .   b - +0 scale mail
rPois    .         Spirit   .   (no helmet)
rElec    .         Reflect  .   (no cloak)
rCorr    .         Harm     .   (no gloves)
MR       .....                  (no boots)
Stlth    ..........             (no amulet)
HPRegen  0.12/turn              (no ring)
MPRegen  0.09/turn              (no ring)

@: no status effects
A: talons 1, powered by death 1
a: no special abilities


You were on level 3 of the Dungeon.
You were not hungry.

You visited 1 branch of the dungeon, and saw 3 of its levels.

You collected 48 gold pieces.

Inventory:

Hand Weapons
 a - a +0 war axe (weapon)
Missiles
 l - 8 javelins (quivered)
Armour
 b - a +0 scale mail (worn)
 c - a +0 shield (worn)
Jewellery
 p - an uncursed amulet of regeneration {unknown}
Scrolls
 e - a scroll of enchant weapon {unknown}
 i - a scroll of amnesia {unknown}
 j - a scroll of remove curse {unknown}
 m - a scroll of identify {unknown}
 n - a scroll of noise {unknown}
Potions
 d - a potion of resistance {unknown}
 h - 2 potions of brilliance {unknown}
 k - a potion of mutation {unknown}
 o - 2 potions of curing {unknown}
Comestibles
 f - 2 bread rations
 g - a royal jelly


   Skills:
 + Level 3.6 Fighting
 + Level 2.6 Axes
 * Level 3.3 Armour
 + Level 3.2 Shields


You had 3 spell levels left.
You didn't know any spells.

Dungeon Overview and Level Annotations

Branches:
Dungeon (3/15)

Altars:

Annotations:
D:3 ontamu's ghost, amateur DsGl


Innate Abilities, Weirdness & Mutations

You have sharp toenails.
You regenerate a little health from kills.


Message History

You claw the orc priest.
You kill the orc priest!
You have reached level 4!
You feel agile.
You hit the orc. The orc barely misses you. You block the orc's attack.
Unknown command.
You are too injured to fight recklessly!
You closely miss the orc priest. Your kick misses the orc priest.
You closely miss the orc. The orc priest barely misses you.
You block the orc's attack.
You completely miss the orc priest. You claw the orc priest.
The orc priest is heavily wounded.
You hit the orc.
You kill the orc!
The orc priest hits you but does no damage.
The orc priest calls down the wrath of Beogh upon you.
Pain shoots through your body!
* * * LOW HITPOINT WARNING * * *
Ontamu's ghost hits you!
You die...

# # .# #.
..#
#.####..#
#...@)..##
#...Wo...#
#.......>#
##..$..###
#.....#
#...!.#
#.....#
#....?#
#[....#


You could see an orc priest and ontamu's ghost.

Vanquished Creatures
  An orc priest (D:3)
  An adder (D:2)
  3 worms (D:2)
  A dart slug (D:2)
  A leopard gecko (D:2)
  3 orcs (D:3)
  3 bats
  4 goblins
  6 hobgoblins
  5 jackals
  5 kobolds (D:2)
  2 quokkas
  A frilled lizard (D:2)
  2 rats
38 creatures vanquished.

Notes
Turn   | Place    | Note
-------+----------+-------------------------------------------
     0 | D:1      | Nvm9 the Demonspawn Fighter began the quest for the Orb.
     0 | D:1      | Reached XP level 1. HP: 18/18 MP: 1/1
    82 | D:1      | You fall through a shaft!
   100 | D:2      | Gained mutation: You regenerate a little health from kills. [demonic ancestry]
   100 | D:2      | Reached XP level 2. HP: 21/24 MP: 2/2
   326 | D:2      | Gained mutation: You have sharp toenails. [demonic ancestry]
   326 | D:2      | Reached XP level 3. HP: 21/29 MP: 3/3
   813 | D:3      | Noticed ontamu's ghost (amateur DsGl)
   814 | D:3      | Reached XP level 4. HP: 13/36 MP: 4/4
   816 | D:3      | Slain by ontamu's ghost

Vault maps used:
D:1:      eino_arrival_water_cross

Skill      XL: |  1  2  3 |
---------------+----------+-----
Axes           | 2 |  2.6
Armour         | 3 |  3.3
Shields        | 3 |  3.2
Fighting       | |  3.6

Action                   |  1- 3 |  4- 6 || total
-------------------------+-------+-------++-------
Melee: War axe           |    87 |     2 ||    89
       Kick              |    17 |     1 ||    18
  Use: Potion            |     1 |       ||     1
Armor: Scale mail        |    43 |       ||    43
Dodge: Dodged            |    23 |     2 ||    25
Block: Shield            |    52 |     2 ||    54

Table legend:
 A = Spawn XP
 B = Non-spawn XP
 C = Spawn XP percentage of total XP
 D = Spawn monster count
 E = Non-spawn monster count
 F = Spawn count percentage of total count
 G = Total turns spent on level
                    A         B        C        D         E        F      G
               +---------+---------+-------+---------+---------+-------+---------
         Total |      18 |     118 |  13.2 |       4 |      34 |  10.5 |   816
               +---------+---------+-------+---------+---------+-------+---------
           D:1 |       0 |       5 |   0.0 |       0 |       3 |   0.0 |    82
           D:2 |      18 |      53 |  25.4 |       4 |      22 |  15.4 |   712
           D:3 |       0 |      60 |   0.0 |       0 |       9 |   0.0 |    22
               +---------+---------+-------+---------+---------+-------+---------
